 Dungeon Crawl Stone Soup version 0.25-a0-505-gae4569222e (webtiles) character file.

Game seed: 8027339216111754619, levelgen mode: deterministic

23 kae the Insei (level 2, -1/23 HPs)
             Began as a Demonspawn Gladiator on Feb 14, 2020.
             Slain by an adder (4 damage)
             ... on level 2 of the Dungeon.
             The game lasted 00:00:31 (1172 turns).

kae the Insei (Demonspawn Gladiator)                Turns: 1172, Time: 00:00:32

Health: -1/23      AC:  6    Str: 11 (14) XL:     2   Next: 72%
Magic:  2/2        EV: 12    Int:  8 (9)  God:
Gold:   73         SH:  0    Dex: 13 (14) Spells: 1/1 levels left

rFire    . . .     SeeInvis .     - Unarmed
rCold    . . .     Gourm    .   (no shield)
rNeg     . . .     Faith    .   a - +0 leather armour
rPois    .         Spirit   .   b - +0 helmet
rElec    .         Reflect  .   (no cloak)
rCorr    .         Harm     .   (no gloves)
MR       .....                  j - +1 pair of boots
Stlth    +.........             (no amulet)
HPRegen  0.07/turn              (no ring)
MPRegen  0.08/turn              (no ring)

@: lethally poisoned (-1 -> -10)
A: rot immunity
a: no special abilities


You were on level 2 of the Dungeon.
You were hungry.

You visited 1 branch of the dungeon, and saw 2 of its levels.

You collected 73 gold pieces.

Inventory:

Missiles
 c - 3 throwing nets (quivered)
Armour
 a - a +0 leather armour (worn)
 b - a +0 helmet (worn)
 j - a +1 pair of boots (worn)
Jewellery
 i - a cursed -4 ring of protection {unknown}
 p - an uncursed amulet of the acrobat {unknown}
Scrolls
 e - a scroll of amnesia {unknown}
 f - a scroll of remove curse {unknown}
 g - a scroll of identify {unknown}
 h - a scroll of noise {unknown}
 l - a scroll of blinking {unknown}
 m - a scroll of fear {unknown}
Potions
 n - 2 potions of berserk rage {unknown}
 o - a potion of curing {unknown}
Comestibles
 d - a ration


   Skills:
 + Level 2.4 Fighting
 - Level 1.7 Throwing
 - Level 2.6 Dodging
 * Level 3.4 Unarmed Combat


You had one spell level left.
You didn't know any spells.
Your spell library was empty.

Dungeon Overview and Level Annotations

Branches:
Dungeon (2/15)

Altars:


Innate Abilities, Weirdness & Mutations

You are immune to rotting.


Message History

You are too injured to fight recklessly!
You miss the adder.
The adder is almost dead.
You feel sick. The adder barely misses you.
The hobgoblin completely misses you. The goblin hits you.
* * * LOW HITPOINT WARNING * * *
The frilled lizard bites you but does no damage.
You barely miss the adder.
The adder is almost dead.
* * * LOW HITPOINT WARNING * * *
You feel sick. The adder closely misses you. The hobgoblin barely misses you.
The adder bites you.
* * * LOW HITPOINT WARNING * * *
The goblin closely misses you.
It was a potion of degeneration.
There was something very wrong with that liquid.
You feel weakened.
You feel dopey.
You feel clumsy.
The frilled lizard bites you but does no damage.
The adder bites you.
You die...

.....#
.....#
....>#
....# ....#
....#
######l...#
#...<@g..#
#...S.g#.#
#......#
#......#
#......#
#......#
.......#
...######


You could see an adder, a hobgoblin, a goblin and a frilled lizard.

Vanquished Creatures
  A dart slug (D:1)
  3 bats (D:1)
  2 giant cockroaches (D:1)
  4 goblins (D:1)
  2 hobgoblins (D:1)
  3 kobolds (D:1)
  4 rats (D:1)
19 creatures vanquished.

Notes
Turn   | Place    | Note
-------+----------+-------------------------------------------
     0 | D:1      | kae the Demonspawn Gladiator began the quest for the Orb.
     0 | D:1      | Reached XP level 1. HP: 16/16 MP: 1/1
   258 | D:1      | Reached skill level 3 in Unarmed Combat
   365 | D:1      | Gained mutation: You are immune to rotting. [demonic
                  | ancestry]
   365 | D:1      | Reached XP level 2. HP: 18/22 MP: 2/2
  1172 | D:2      | Slain by an adder

Levels and vault maps discovered:
D:1:      evilmike_arrival_hilbert_curve, layout_basic
D:2:      wad_woods_tower, layout_basic

Skill      XL: |  1 |
---------------+----+-----
Unarmed Combat | 3 |  3.4
Fighting       | |  2.4
Throwing       | |  1.7
Dodging        | |  2.6

Action                   || total
-------------------------++-------
Melee: Unarmed           ||    89
       Punch             ||     3
  Use: Potion            ||     1
Armor: Leather armour    ||    39
Dodge: Dodged            ||    87

Table legend:
 A = Non-vault XP
 B = Vault XP
 C = Vault XP percentage of total XP
 D = Non-vault monster count
 E = Vault monster count
 F = Vault count percentage of total count
                 A         B        C        D         E       F
            +---------+---------+-------+---------+---------+-------
      Total |      33 |       0 |   0.0 |      19 |       0 |   0.0
            +---------+---------+-------+---------+---------+-------
        D:1 |      33 |       0 |   0.0 |      19 |       0 |   0.0
            +---------+---------+-------+---------+---------+-------
